 Dungeon Crawl Stone Soup version 0.19.5 (webtiles) character file.

356 devil0150 the Magician (level 6, -2/37 HPs)
             Began as a High Elf Wizard on Apr 14, 2017.
             Slain by Grinder (6 damage)
             ... while paralysed by Grinder
             ... on level 4 of the Dungeon.
             The game lasted 00:34:12 (5452 turns).

devil0150 the Magician (High Elf Wizard)            Turns: 5452, Time: 00:34:13

Health: -2/37      AC:  4    Str:  6    XL:     6   Next: 36%
Magic:  15/15      EV:  2    Int: 30    God:
Gold:   197        SH:  0    Dex: 18    Spells: 6 memorised, 2 levels left

rFire  . . .     SeeInvis .     f - +1 dagger
rCold  . . .     Gourm    .     a - +1 robe
rNeg   . . .     Faith    .     (no shield)
rPois  .         Spirit   .     b - +0 hat
rElec  .         Reflect  .     (no cloak)
rCorr  .         Harm     .     i - +0 pair of gloves
MR     .....                    (no boots)
Stlth  +++.......               (no amulet)
                                q - +4 ring of dexterity
                                h - +6 ring of intelligence

@: paralysed
A: no striking features
a: no special abilities


You were on level 4 of the Dungeon.
You were hungry.

You visited 1 branch of the dungeon, and saw 5 of its levels.

You collected 197 gold pieces.

Inventory:

Hand Weapons
 f - a +1 dagger (weapon)
Armour
 a - a +1 robe (worn)
 b - a +0 hat (worn)
 i - a +0 pair of gloves (worn)
Jewellery
 e - a +3 ring of intelligence
 h - a +6 ring of intelligence (left hand)
 q - a +4 ring of dexterity (right hand)
Scrolls
 l - 2 scrolls of fear
 o - a scroll of remove curse
 r - a scroll of teleportation
 u - a scroll of identify
Potions
 g - 2 potions of flight
 j - a potion of magic
 k - a potion of cure mutation
 m - 2 potions of degeneration
Books
 c - a book of Minor Magic

   Spells                             Type                      Level
   a - Magic Dart                     Conjuration                  1
   b - Blink                          Translocation                2
   c - Call Imp                       Summoning                    2
   d - Repel Missiles                 Charms/Air                   2
   e - Slow                           Hexes                        2
   f - Conjure Flame                  Conjuration/Fire             3
   g - Mephitic Cloud                 Conjuration/Poison/Air       3
 s - a book of Maledictions

   Spells                             Type                      Level
   a - Corona                         Hexes                        1
   b - Ensorcelled Hibernation        Hexes/Ice                    2
   c - Confuse                        Hexes                        3
   d - Tukima's Dance                 Hexes                        3
   e - Dazzling Spray                 Conjuration/Hexes            3
Comestibles
 d - 4 bread rations
 n - a fruit
 p - 5 meat rations


   Skills:
 + Level 0.4 Fighting
 + Level 3.2 Dodging
 + Level 3.2 Stealth
 + Level 5.8 Spellcasting
 + Level 4.1 Conjurations
 + Level 1.0 Summonings
 + Level 1.1 Translocations
 + Level 0.2 Poison Magic


You had 2 spell levels left.
You knew the following spells:

 Your Spells              Type           Power        Failure   Level  Hunger
a - Magic Dart            Conj           ####         1%          1    None
b - Mephitic Cloud        Conj/Pois/Air  ###.....     12%         3    None
c - Call Imp              Summ           ##......     8%          2    None
d - Blink                 Tloc           N/A          6%          2    None
e - Conjure Flame         Conj/Fire      ###.....     10%         3    None
f - Tukima's Dance        Hex            #.......     21%         3    None


Dungeon Overview and Level Annotations

Branches:
Dungeon (5/15)
 Temple: D:4-7

Altars:
Ashenzari
Dithmenos
Elyvilon
Hepliaklqana
Qazlal
Xom
Yredelemnul
Zin
The Shining One

Annotations:
D:4 Grinder, Natasha


Message History

The hound stops to sniff the ground.
There is a stone staircase leading down here.
The hound closely misses you.
You are feeling hungry.
Natasha hisses angrily.
Grinder gestures at you. Pain shoots through your body!
The hound completely misses you.
There is a stone staircase leading up here.
Natasha casts a spell at you. The magic dart hits you!
You feel better. The hound bites you.
Grinder says, "Mostly I couldn't keep them alive."
Grinder gestures at you.
You suddenly lose the ability to move!
The hound bites you but does no damage.
Natasha mumbles some strange words.
Grinder hits you.
You writhe in agony.
The hound bites you but does no damage. The hound barely misses you.
Grinder hits you!
* * * LOW HITPOINT WARNING * * *
You writhe in agony.
You die...

#..# ######## #...
#..####......# ##...
##..........####....
##......5...###.....
#...........##......
#..........#........
#.....h......##.....
##..........#####...
#.@h###...## ##..
##.5.#..### ##. ##....## ##
##.>.#### #####.......##
##............#
#####.............##
######..................#
##.......................##


You could see Grinder, a hound, Natasha and a crimson imp.

Vanquished Creatures
  A centaur (D:5)
  A crimson imp (D:5)
  2 hounds
  Terence (D:2)
  2 worker ants (D:4)
  2 adders (D:2)
  An ooze (D:2)
  4 worms
  3 dart slugs
  A leopard gecko (D:3)
  2 orcs
  4 giant cockroaches
  9 goblins
  5 hobgoblins
  4 jackals (D:3)
  A quokka (D:4)
  2 ball pythons
  A ball python skeleton (D:4)
  8 bats
  6 frilled lizards
  A jackal skeleton (D:4)
  9 kobolds
  8 rats
78 creatures vanquished.

Notes
Turn   | Place    | Note
-------+----------+-------------------------------------------
     0 | D:1      | devil0150 the High Elf Wizard began the quest for the Orb.
     0 | D:1      | Reached XP level 1. HP: 11/11 MP: 6/6
   450 | D:1      | Reached skill level 4 in Spellcasting
   453 | D:1      | Reached XP level 2. HP: 17/17 MP: 1/8
  1495 | D:2      | Reached XP level 3. HP: 21/21 MP: 7/9
  1961 | D:2      | Noticed Terence
  1967 | D:2      | Learned a level 3 spell: Mephitic Cloud
  1970 | D:2      | Learned a level 2 spell: Call Imp
  1973 | D:2      | Learned a level 2 spell: Blink
  1977 | D:2      | Learned a level 3 spell: Conjure Flame
  2013 | D:2      | Killed Terence
  2013 | D:2      | Reached skill level 1 in Summonings
  2013 | D:2      | Reached XP level 4. HP: 23/27 MP: 1/11
  2387 | D:2      | Found a shimmering altar of Xom.
  2389 | D:2      | Found a deep blue altar of Sif Muna.
  2389 | D:2      | Found a stormy altar of Qazlal.
  2391 | D:2      | Found a hazy altar of Hepliaklqana.
  2391 | D:2      | Found a basalt altar of Yredelemnul.
  2391 | D:2      | Found a white marble altar of Elyvilon.
  3569 | D:3      | Reached skill level 5 in Spellcasting
  3967 | D:4      | Noticed Natasha
  3968 | D:4      | Reached XP level 5. HP: 29/31 MP: 4/13
  3980 | D:5      | Entered Level 5 of the Dungeon
  4146 | D:5      | Learned a level 3 spell: Tukima's Dance
  4164 | D:5      | Found a glowing silver altar of Zin.
  4397 | D:5      | Found a glowing golden altar of the Shining One.
  4577 | D:5      | Found a shadowy altar of Dithmenos.
  4750 | D:5      | Found a shattered altar of Ashenzari.
  4837 | D:5      | Noticed a centaur
  4843 | D:5      | Killed a centaur
  4843 | D:5      | Reached XP level 6. HP: 10/36 MP: 7/15
  5420 | D:4      | Noticed Grinder
  5421 | D:4      | Paralysed by Grinder for 6 turns
  5441 | D:4      | Paralysed by Grinder for 3 turns
  5450 | D:4      | Paralysed by Grinder for 7 turns
  5452 | D:4      | Slain by Grinder

Skill      XL: |  1  2  3  4  5  6 |
---------------+-------------------+-----
Spellcasting   | 4 5 |  5.8
Conjurations   | 2 3 4 |  4.1
Summonings     | 1 |  1.0
Stealth        | 3 |  3.2
Dodging        | 3 |  3.2
Fighting       | |  0.4
Translocations | |  1.1
Poison Magic   | |  0.2

Action                   |  1- 3 |  4- 6 || total
-------------------------+-------+-------++-------
Melee: Dagger            |     6 |       ||     6
       Short sword       |       |     5 ||     5
 Cast: Magic Dart        |    92 |   130 ||   222
       Mephitic Cloud    |     1 |       ||     1
       Call Imp          |     1 |       ||     1
  Use: Scroll            |     9 |     8 ||    17
       Potion            |       |     1 ||     1
 Stab: Confused          |     1 |       ||     1
  Eat: Chunk             |     3 |    10 ||    13
Armor: Robe              |     1 |    13 ||    14
Dodge: Dodged            |    12 |    41 ||    53
